 Dungeon Crawl Stone Soup version 0.23.0-3-gf3c87f2 (webtiles) character file.

Game seed: 7303024838304235074

18 xccam the Magician (level 2, 0/20 HPs)
             Began as a Gnoll Wanderer on Feb 20, 2019.
             Slain by a jackal (2 damage)
             ... on level 1 of the Dungeon.
             The game lasted 00:01:09 (465 turns).

xccam the Magician (Gnoll Wanderer)                  Turns: 465, Time: 00:01:10

Health: 0/20       AC:  4    Str: 14    XL:     2   Next: 66%
Magic:  10/10      EV: 11    Int: 15    God:
Gold:   72         SH:  4    Dex: 13    Spells: 15/15 levels left

rFire    . . .     SeeInvis .   e - +0 club
rCold    . . .     Gourm    .   c - +0 buckler
rNeg     . . .     Faith    .   i - +0 leather armour (curse)
rPois    .         Spirit   .   a - +0 helmet
rElec    .         Reflect  .   (no cloak)
rCorr    .         Harm     .   (no gloves)
MR       .....                  (no boots)
Stlth    ++........             (no amulet)
HPRegen  0.06/turn              (no ring)
MPRegen  0.12/turn              (no ring)

@: no status effects
A: distributed training, fangs 1, strong nose
a: no special abilities


You were on level 1 of the Dungeon.
You were not hungry.

You visited 1 branch of the dungeon, and saw 1 of its levels.

You collected 72 gold pieces.

Inventory:

Hand Weapons
 e - a +0 club (weapon)
Armour
 a - a +0 helmet (worn)
 c - a +0 buckler (worn)
 i - a cursed +0 leather armour (worn)
Jewellery
 b - a +5 ring of intelligence {unknown}
Scrolls
 d - 2 scrolls of identify {unknown}
Potions
 g - a potion of berserk rage {unknown}
 h - a potion of might {unknown}
 j - a potion of heal wounds {unknown}
Comestibles
 f - a ration


   Skills:
 + Level 0.5 Fighting
 + Level 0.5 Short Blades
 + Level 0.5 Long Blades
 + Level 0.5 Axes
 + Level 0.5 Maces & Flails
 + Level 0.5 Polearms
 + Level 0.5 Staves
 + Level 0.5 Slings
 + Level 0.5 Bows
 + Level 0.5 Crossbows
 + Level 0.5 Throwing
 + Level 0.5 Armour
 + Level 0.5 Dodging
 + Level 2.3 Stealth
 + Level 2.5 Shields
 + Level 0.5 Unarmed Combat
 + Level 7.1 Spellcasting
 + Level 0.3 Conjurations
 + Level 0.3 Hexes
 + Level 0.3 Charms
 + Level 0.3 Summonings
 + Level 3.7 Necromancy
 + Level 0.3 Translocations
 + Level 2.0 Transmutations
 + Level 0.3 Fire Magic
 + Level 0.3 Ice Magic
 + Level 0.3 Air Magic
 + Level 3.7 Earth Magic
 + Level 0.3 Poison Magic
 + Level 0.6 Invocations
 + Level 0.5 Evocations


You had 15 spell levels left.
You didn't know any spells.
Your spell library contained the following spells:

 Spells                   Type           Power        Failure   Level  Hunger
 Magic Dart               Conj           #...         17%         1    None
 Sting                    Conj/Pois      #...         17%         1    None
 Blink                    Tloc           N/A          26%         2    None
 Call Imp                 Summ           #.......     26%         2    None
 Slow                     Hex            #.......     26%         2    None
 Spider Form              Tmut/Pois      #.........   36%         3    ##.....
 Conjure Flame            Conj/Fire      #.......     45%         3    ##.....
 Mephitic Cloud           Conj/Pois/Air  #.......     45%         3    ##.....


Dungeon Overview and Level Annotations

Branches:
Dungeon (1/15)

Altars:


Innate Abilities, Weirdness & Mutations

Your experience applies equally to all skills.
You have very sharp teeth.
Your uncanny sense of smell can sniff out nearby items.


Message History

The jackal bites you. x2; The goblin hits you.
* * * LOW HITPOINT WARNING * * *
The jackal barely misses you.
The jackal bites you but does no damage.
The jackal misses you. The goblin misses you.
You hit the jackal but do no damage.
The jackal is severely wounded.
The jackal bites you but does no damage.
The jackal barely misses you. The jackal closely misses you.
You block the jackal's attack. The jackal closely misses you.
You block the goblin's attack. The jackal bites you.
* * * LOW HITPOINT WARNING * * *
You closely miss the jackal.
The jackal is severely wounded.
You block the jackal's attack.
The jackal bites you but does no damage. x2
The goblin hits you.
* * * LOW HITPOINT WARNING * * *
The jackal bites you.
You die...

...# ...# #..# ..###
#..# ..# .##..# ## ..# #
....# .8# .## #. #...###
### $.# ###
#..##.##8###8##...# ..#
#...†........h....##
#.###.###.......@h....⌠#
#..# ...#.......hg....##
##.## #.#.##8###8##...#
#..###...#### ### ..#
##.#...#.# .8# #.#...#.#
## ###.#...#.#
........#.# ........#.#


You could see 3 jackals and a goblin.

Vanquished Creatures
  2 dart slugs (D:1)
  2 bats (D:1)
  A giant cockroach (D:1)
  2 goblins (D:1)
  2 hobgoblins (D:1)
  2 frilled lizards (D:1)
  3 rats (D:1)
14 creatures vanquished.

Notes
Turn   | Place    | Note
-------+----------+-------------------------------------------
     0 | D:1      | xccam the Gnoll Wanderer began the quest for the Orb.
     0 | D:1      | xccam set off with the following items: a +0 buckler, a +0
                  | robe, a +0 club, a ration; and the following spells
                  | available to memorise: Magic Dart, Sting, Blink, Call Imp,
                  | Slow, Spider Form, Conjure Flame, Mephitic Cloud
     0 | D:1      | Reached XP level 1. HP: 13/13 MP: 8/8
   291 | D:1      | Reached XP level 2. HP: 19/19 MP: 10/10
   465 | D:1      | Slain by a jackal

Skill      XL: |  1 |
---------------+----+-----
Transmutations | 2 |  2.0
Fighting       | |  0.5
Short Blades   | |  0.5
Long Blades    | |  0.5
Axes           | |  0.5
Maces & Flails | |  0.5
Polearms       | |  0.5
Staves         | |  0.5
Slings         | |  0.5
Bows           | |  0.5
Crossbows      | |  0.5
Throwing       | |  0.5
Armour         | |  0.5
Dodging        | |  0.5
Stealth        | |  2.3
Shields        | |  2.5
Unarmed Combat | |  0.5
Spellcasting   | |  7.1
Conjurations   | |  0.3
Hexes          | |  0.3
Charms         | |  0.3
Summonings     | |  0.3
Necromancy     | |  3.7
Translocations | |  0.3
Fire Magic     | |  0.3
Ice Magic      | |  0.3
Air Magic      | |  0.3
Earth Magic    | |  3.7
Poison Magic   | |  0.3
Invocations    | |  0.6
Evocations     | |  0.5

Action                   || total
-------------------------++-------
Melee: Club              ||    76
       Bite              ||    12
 Stab: Sleeping          ||     2
Armor: Robe              ||    16
       Leather armour    ||    24
Dodge: Dodged            ||    59
Block: Buckler           ||    27
